 Dungeon Crawl Stone Soup version 0.30.1-4-g462c640d31 (webtiles) character file.

Game seed: 1529477763477736589

1148 safid the Chiller (level 8, -3/60 (64) HPs)
             Began as a Merfolk Ice Elementalist on Aug 22, 2023.
             Slain by Menkaure (15 damage)
             ... on level 5 of the Dungeon.
             The game lasted 00:07:22 (4982 turns).

safid the Chiller (Merfolk Ice Elementalist)        Turns: 4982, Time: 00:07:23

HP:   -3/60 (64)    AC:  6    Str:  8    XL:     8   Next: 38%
MP:   11/16         EV: 12    Int: 16    God:
Gold: 186           SH:  0    Dex: 15    Spells: 10/17 levels left

rFire   . . .        m - +1 dagger (venom)
rCold   . . .        (no shield)
rNeg    . . .        a - +0 robe
rPois   +            (no helmet)
rElec   .            (no cloak)
rCorr   .            (no gloves)
SInv    .            (no boots)
Will    .....        (no amulet)
Stlth   ++           g - +4 ring of protection
HPRegen 0.30/turn    o - ring of poison resistance
MPRegen 0.15/turn

%: no passive effects
@: drained
A: (nimble swimmer 2), mertail
a: no special abilities


You were on level 5 of the Dungeon.
You visited 1 branch of the dungeon, and saw 5 of its levels.

You collected 186 gold pieces.

Inventory:

Hand Weapons
 j - a +0 long sword
 m - a +1 dagger of venom (weapon)
Missiles
 u - 11 stones
Armour
 a - a +0 robe (worn)
Jewellery
 g - a +4 ring of protection (left hand)
 o - a ring of poison resistance (right hand)
Wands
 s - a wand of paralysis (5)
 t - a wand of digging (7)
Scrolls
 c - 6 scrolls of identify {unknown}
 d - a scroll of silence {unknown}
 f - 4 scrolls of teleportation {unknown}
 i - a scroll of poison {unknown}
 k - a scroll of enchant armour {unknown}
 v - 2 scrolls of fear {unknown}
 y - a scroll of blinking {unknown}
Potions
 b - a potion of magic
 e - 3 potions of curing {unknown}
 h - a potion of cancellation {unknown}
 l - 2 potions of degeneration {unknown}
 n - a potion of attraction {unknown}
 p - a potion of resistance {unknown}
 q - 2 potions of brilliance {unknown}
 r - a potion of mutation {unknown}
 w - a potion of lignification {unknown}
 x - a potion of haste {unknown}


   Skills:
 + Level 5.9 Fighting
 - Level 2.6 Dodging
 - Level 2.1 Stealth
 + Level 5.4 Spellcasting
 + Level 7.6 Ice Magic


You had 10 spell levels left.
You knew the following spells:

 Your Spells              Type           Power      Damage    Failure   Level
a - Freeze                Ice            100%       1d10      1%          1
b - Frozen Ramparts       Ice            56%        1d9       1%          3
c - Ozocubu's Armour      Ice            28%        N/A       1%          3

Your spell library contained the following spells:

 Spells                   Type           Power      Damage    Failure   Level
 Sandblast                Erth           8%         2d5       14%         1
 Passwall                 Tmut/Erth      3%         N/A       22%         2
 Summon Ice Beast         Ice/Summ       16%        N/A       30%         4
 Stone Arrow              Conj/Erth      8%         3d7       41%         3


Dungeon Overview and Level Annotations

Branches:
Dungeon (5/15)
 Temple: D:4-7

Altars:
The Shining One

Shops:
D:3 :

Annotations:
D:4 1 runed translucent door, sunglassesatnite's ghost, amateur MiBe
D:5 Menkaure


Innate Abilities, Weirdness & Mutations

((You are very nimble when in or above water. (Stealth+, EV+, Speed+++)))
Your lower body shifts to a powerful aquatic tail in water.


Message History

Aim: Menkaure You freeze Menkaure.
Menkaure resists.
Menkaure is moderately damaged.
Menkaure hits you.
Unknown command.
Casting: Freeze (safe; 1% risk of failure)
Confirm with . or Enter, or press ? or * to list all spells.
Aiming: Freeze (safe; 1% risk of failure)
Press: ? - help, Shift-Dir - straight line, f/p - Menkaure
Aim: Menkaure (moderately damaged)
You freeze Menkaure.
Menkaure resists.
Menkaure is heavily damaged.
Menkaure hits you but does no damage.
Unknown command.
Casting: Freeze (safe; 1% risk of failure)
Confirm with . or Enter, or press ? or * to list all spells.
Aiming: Freeze (safe; 1% risk of failure)
Press: ? - help, Shift-Dir - straight line, f/p - Menkaure
Aim: Menkaure (heavily damaged)
You freeze Menkaure.
Menkaure resists.
Menkaure is heavily damaged.
Menkaure hits you!
* * * LOW HITPOINT WARNING * * *
Casting: Freeze (safe; 1% risk of failure)
Confirm with . or Enter, or press ? or * to list all spells.
Aiming: Freeze (safe; 1% risk of failure)
Press: ? - help, Shift-Dir - straight line, f/p - Menkaure
Aim: Menkaure (heavily damaged)
You freeze Menkaure.
Menkaure resists.
Menkaure is heavily damaged.
Unknown command.
Casting: Freeze (safe; 1% risk of failure)
Confirm with . or Enter, or press ? or * to list all spells.
Aiming: Freeze (safe; 1% risk of failure)
Press: ? - help, Shift-Dir - straight line, f/p - Menkaure
Aim: Menkaure (heavily damaged)
You freeze Menkaure.
Menkaure resists.
Menkaure is severely damaged.
Menkaure hits you!
You die...

#..........#
########..........#
#.................#
#.########.######## #
#.# ####
.#.########'##### #...
................# #.##
......M.........#####.#.
#....@...........##.#<
#########.###....##.#)
#.# #....'..#. #.#
#.)..##### #.#
#....##### ...
#.........
#.......#....#####
##.......#....#
...!.....######


You could see Menkaure.

Vanquished Creatures
  Pikel (D:4)
  Sigmund (D:3)
  2 lemures (D:4)
  A scorpion (D:4)
  A wight (D:5)
  A howler monkey (D:5)
  A jelly (D:4)
  2 hounds (D:5)
  2 iguanas
  3 orc wizards
  2 gnolls (D:5)
  4 adders
  A shadow imp (D:5)
  A white imp (D:4)
  5 worms
  5 orcs
  5 ball pythons
  10 bats
  11 endoplasms
  3 giant cockroaches
  6 goblins
  11 hobgoblins
  5 kobolds
  3 quokkas
  2 frilled lizards
  5 rats
94 creatures vanquished.

Notes
Turn   | Place    | Note
-------+----------+-------------------------------------------
     0 | D:1      | safid the Merfolk Ice Elementalist began the quest for the
                  | Orb.
     0 | D:1      | Reached XP level 1. HP: 13/13 MP: 3/3
   160 | D:1      | Reached XP level 2. HP: 20/20 MP: 0/5
   226 | D:1      | Reached skill level 1 in Fighting
   641 | D:1      | Reached XP level 3. HP: 26/26 MP: 6/6
   645 | D:1      | Learned a level 3 spell: Frozen Ramparts
  1269 | D:2      | Reached skill level 5 in Ice Magic
  1396 | D:2      | Reached XP level 4. HP: 33/33 MP: 8/8
  1492 | D:2      | Found a glowing golden altar of the Shining One.
  1819 | D:2      | Reached XP level 5. HP: 29/39 MP: 6/9
  2195 | D:3      | Noticed Sigmund
  2598 | D:3      | Killed Sigmund
  2599 | D:3      | Reached skill level 6 in Ice Magic
  2599 | D:3      | Reached XP level 6. HP: 48/48 MP: 7/11
  2701 | D:3      | Found Tilufec's Vocational Training.
  3152 | D:4      | Noticed Pikel
  3184 | D:4      | Killed Pikel
  3185 | D:4      | Reached skill level 5 in Fighting
  3185 | D:4      | Reached skill level 7 in Ice Magic
  3185 | D:4      | Reached XP level 7. HP: 13/56 MP: 4/14
  3491 | D:4      | Reached skill level 5 in Spellcasting
  3491 | D:4      | Reached XP level 8. HP: 59/62 MP: 11/15
  3675 | D:4      | HP: 1/63 [acid (9)]
  4194 | D:4      | Found a runed translucent door.
  4199 | D:4      | Noticed sunglassesatnite's ghost (amateur MiBe)
  4375 | D:5      | Entered Level 5 of the Dungeon
  4554 | D:5      | Learned a level 3 spell: Ozocubu's Armour
  4842 | D:5      | Noticed Menkaure
  4982 | D:5      | Slain by Menkaure

Illustrated notes

Levels and vault maps discovered:
D:1:      moated_graveyard_arrival, layout_loops_cross, due_unseen_surprise
D:2:      layout_loops_cross, basic_altar
D:3:      layout_basic, nicolae_shop_vocational, uniq_sigmund
D:4:      layout_loops_ring, ebering_ghost_reflecting_pool, uniq_pikel
D:5:      layout_basic, lemuel_flamethrower_1, uniq_menkaure

Skill      XL: |  1  2  3  4  5  6  7 |
---------------+----------------------+-----
Fighting       | 1 2 3 5 |  5.9
Ice Magic      | 5 6 7 |  7.6
Spellcasting   | 3 4 5 |  5.4
Dodging        | |  2.6
Stealth        | |  2.1

Action                     |  1- 3 |  4- 6 |  7- 9 || total
---------------------------+-------+-------+-------++-------
  Melee: Unarmed           |     9 |       |       ||     9
         Dagger            |    91 |    51 |   105 ||   247
         Long sword        |    13 |    42 |       ||    55
         Punch             |       |       |     3 ||     3
   Cast: Freeze            |    30 |     9 |    23 ||    62
         Frozen Ramparts   |     1 |     6 |     6 ||    13
         Ozocubu's Armour  |       |       |     2 ||     2
   Stab: Sleeping          |     7 |     4 |     2 ||    13
 Armour: Robe              |    58 |    28 |    32 ||   118
  Dodge: Dodged            |    78 |    46 |    50 ||   174
